AoeStats
← MeowMe

Arena

509853548Analyzed
4v4 RM · 2d ago on Sep 28, 2026· 28m 44s· 8 players
Game mode
Random Map
Map size
Large (8 player)
Population
200
Speed
Normal
Resources
Standard
Victory
Conquest
Starting age
Dark Age
Ending age
Imperial Age
RankedLock teamsTeams togetherTeam positionsShared explorationLock speedFull tech treeHidden civsTurbo modeCheats
Victory
Defeat
🇷🇺 Saxons · Russia
1621
+13
🇧🇾 Slavs · Belarus
1611
+13
🇬🇪 Chinese · Georgia
1488
+18
🇩🇪 Cumans · Germany
1458
+19
🇨🇳 Maya · China
1659
-20
🇨🇱 Turks · Chile
1534
-16
🇩🇪 Teutons · Germany
1491
-14
🇨🇳 Japanese · China
1481
-13
yinyangwar
10:24 Feudal Age
10:04 Loom
12:35 Double-Bit Axe
14:54 Castle Age
15:49 Bow Saw
软脚虾3号
10:52 Feudal Age
14:28 Castle Age
12:39 Double-Bit Axe
13:03 Horse Collar
15:29 Bow Saw
21:17 Wheelbarrow
20:44 Heavy Plow
Bz_青红
0:29 Loom
12:16 Feudal Age
13:27 Double-Bit Axe
13:25 Horse Collar
16:23 Castle Age
16:47 Fletching
17:28 Bow Saw
17:21 Heavy Plow
17:42 Bodkin Arrow
21:28 Padded Archer Armor
22:09 Ballistics
Smile
11:19 Feudal Age
14:59 Castle Age
13:18 Double-Bit Axe
13:46 Horse Collar
13:54 Loom
23:19 Imperial Age
20:53 Gold Mining
22:28 Wheelbarrow
22:11 Bow Saw
23:00 Stone Mining
23:51 Wheelbarrow
23:34 Heavy Plow
25:45 Gold Shaft Mining
25:02 Town Watch
27:05 Two-Man Saw
27:58 Fletching
OLADUSHEK
9:58 Feudal Age
8:46 Loom
13:33 Castle Age
12:01 Double-Bit Axe
12:38 Gold Mining
14:42 Bow Saw
16:47 Sanctity
21:54 Redemption
24:29 Wheelbarrow
26:06 Hand Cart
25:34 Horse Collar
26:30 Gold Shaft Mining
26:57 Town Watch
27:14 Heavy Plow
30:43 Imperial Age
SiraZaika
10:26 Feudal Age
9:18 Loom
14:14 Castle Age
12:31 Double-Bit Axe
12:55 Horse Collar
14:14 Fletching
21:20 Bodkin Arrow
25:32 Imperial Age
23:43 Bow Saw
23:48 Bodkin Arrow
25:45 Wheelbarrow
MeowMe
0:38 Loom
11:18 Feudal Age
15:06 Castle Age
14:00 Double-Bit Axe
13:56 Horse Collar
15:07 Town Watch
16:54 Bow Saw
23:28 Stone Mining
23:28 Gold Mining
25:01 Wheelbarrow
25:08 Stone Shaft Mining
25:38 Town Patrol
26:00 Hand Cart
28:37 Imperial Age
27:09 Ballistics
27:00 Fortified Wall
27:41 Padded Archer Armor
27:31 Fletching
29:02 Leather Archer Armor
Tsunade
8:52 Feudal Age
9:23 Double-Bit Axe
9:19 Horse Collar
19:22 Castle Age
18:15 Wheelbarrow
19:18 Bloodlines
19:17 Scale Barding Armor
19:23 Forging
20:30 Chain Barding Armor
20:21 Bow Saw
23:53 Loom
23:54 Town Watch
24:27 Hand Cart
25:55 Gold Mining
28:12 Gold Shaft Mining
28:53 Stone Mining
Connection lost

Rejoining the realm…

Still unreachable

The connection could not be restored.

Session expired

The server has moved on; the page needs a fresh start.